 Dungeon Crawl Stone Soup version 0.23.2-1-ga50397a6bc (webtiles) character file.

Game seed: 7491146860431600290

7349 Peloso the Carver (level 10, -1/90 HPs)
             Began as a Minotaur Fighter on May 19, 2019.
             Was an Elder of Okawaru.
             Slain by a meliai simulacrum (17 damage)
             ... on level 10 of the Dungeon.
             The game lasted 00:28:18 (9844 turns).

Peloso the Carver (Minotaur Fighter)                Turns: 9844, Time: 00:28:22

Health: -1/90      AC: 20    Str: 22    XL:     10   Next: 91%
Magic:  16/18      EV: 10    Int:  5    God:    Okawaru [****..]
Gold:   643        SH: 14    Dex: 12    Spells: 9/9 levels left

rFire    . . .     SeeInvis .   a - +2 falchion (curse)
rCold    . . .     Gourm    .   c - +0 shield
rNeg     . . .     Faith    .   o - +0 plate armour (curse)
rPois    .         Spirit   .   (helmet restricted)
rElec    .         Reflect  .   J - scarf {repulsion}
rCorr    +         Harm     .   D - +0 pair of gloves
MR       .....                  w - +0 pair of boots
Stlth    ..........             (no amulet)
HPRegen  0.25/turn              j - ring of magical power
MPRegen  0.16/turn              l - ring of resist corrosion

@: heroism, repel missiles
A: retaliatory headbutt, horns 2
a: Heroism, Renounce Religion


You were on level 10 of the Dungeon.
You worshipped Okawaru.
Okawaru was greatly pleased with you.
You were not hungry.

You visited 2 branches of the dungeon, and saw 11 of its levels.

You collected 775 gold pieces.
You spent 132 gold pieces at shops.

Inventory:

Hand Weapons
 a - a cursed +2 falchion (weapon)
Armour
 b - a +0 scale mail
 c - a +0 shield (worn)
 o - a cursed +0 plate armour (worn)
 w - a +0 pair of boots (worn)
 z - a +0 cloak
 C - a +1 chain mail of poison resistance
 D - a +0 pair of gloves (worn)
 J - a scarf of repulsion (worn)
Jewellery
 j - a ring of magical power (left hand)
 l - a ring of resist corrosion (right hand)
 E - an uncursed ring of wizardry
Wands
 m - a wand of iceblast (7)
 x - a wand of acid (6)
 B - a wand of paralysis (7)
 F - a wand of scattershot (5)
 I - a wand of disintegration (11)
Scrolls
 d - 3 scrolls of remove curse
 e - 3 scrolls of enchant weapon
 g - a scroll of amnesia
 h - 4 scrolls of identify
 n - 4 scrolls of magic mapping
 p - a scroll of fear
 q - a scroll of noise
 t - a scroll of blinking
 y - 2 scrolls of enchant armour
 A - 2 scrolls of teleportation
 H - a scroll of summoning {unknown}
 K - a scroll of fog {unknown}
Potions
 i - 3 potions of curing
 k - a potion of agility
 r - 2 potions of mutation
 s - 5 potions of heal wounds
 u - a potion of magic
 v - 4 potions of haste
 G - a potion of might
Comestibles
 f - 21 rations


   Skills:
 + Level 8.9(13.9) Fighting
 + Level 12.3(17.3) Long Blades
 + Level 10.2(15.2) Armour
 + Level 2.1(7.1) Dodging
 + Level 0.6(5.6) Stealth
 + Level 10.0(15.0) Shields
 + Level 0.2 Invocations


You had 9 spell levels left.
You didn't know any spells.
Your spell library contained the following spells:

 Spells                   Type           Power        Failure   Level  Hunger
 Corona                   Hex            #......      99%         1    ##.....
 Slow                     Hex            #.......     100%        2    ###....
 Inner Flame              Hex/Fire       #.......     100%        3    ####...
 Portal Projectile        Hex/Tloc       #.....       100%        3    ####...
 Cause Fear               Hex            #.........   100%        4    #####..
 Leda's Liquefaction      Hex/Erth       #.........   100%        4    #####..


Dungeon Overview and Level Annotations

Branches:
Dungeon (10/15)            Temple (1/1) D:4            Lair (0/6) D:10
    Orc (0/2) D:9

Altars:
Ashenzari
Cheibriados
Dithmenos
Elyvilon
Fedhas
Gozag
Hepliaklqana
Kikubaaqudgha
Makhleb
Nemelex Xobeh
Okawaru
Qazlal
Ru
Sif Muna
Trog
Uskayaw
Vehumet
Wu Jian
Xom
Yredelemnul
Zin
The Shining One
Beogh

Shops:
D:4 ?   D:6 *   D:9 [   D:10 (

Annotations:
D:9 2 transporters, FluffierThanThou's ghost, novice MiFi


Innate Abilities, Weirdness & Mutations

You reflexively headbutt those who attack you in melee.
You have a pair of horns on your head.


Message History

The troll claws you but does no damage. You block the troll's attack.
You gain the combat prowess of a mighty hero.
The meliai simulacrum hits you but does no damage.
You block the meliai simulacrum's attack. x3
The troll closely misses you.
The troll claws you but does no damage. x2
You hit the troll. You headbutt the troll!
The troll is almost dead.
You block the meliai simulacrum's attack.
The meliai simulacrum hits you but does no damage.
The troll bites you but does no damage. The troll claws you but does no damage.
The troll claws you.
* * * LOW HITPOINT WARNING * * *
You slash the troll!
You kill the troll!
Okawaru accepts your kill.
The troll leather armour is intact enough to wear.
The meliai simulacrum hits you.
* * * LOW HITPOINT WARNING * * *
The meliai simulacrum freezes you!
You die...

)..............
#####..........#......
# #.).........[....# #
#................+ #
#..........^.....#
#.))........PP...##+
#...........∩P......
#####...........PZ.K#
................@[K.+
#.####.#######..##.##
#.####)# #.## #
#..#.))# #.# ####)#)#
####.###... #....#)#
#........... #....#.#
#.#......... #_...#.#
#.######....
#....#'####'#...# #+#


You could see a meliai simulacrum and 2 kobolds.

Vanquished Creatures
  The ghost of MisterOstroum the Charmwright, a novice SpSk of Makhleb (D:5)
  2 trolls (D:10)
  Prince Ribbit (D:7)
  2 hippogriffs
  Grinder (D:5)
  A centaur simulacrum (D:10)
  A wyvern (D:8)
  2 yaks (D:9)
  2 hungry ghosts (D:9)
  Menkaure (D:5)
  4 orc warriors
  3 ice beasts
  An eye of draining (D:8)
  3 black bears (D:10)
  3 sky beasts
  3 phantoms
  A wolf (D:9)
  3 ogres
  2 centaurs
  2 big kobolds
  6 bullfrogs
  A scorpion (D:5)
  9 killer bees
  3 wights (D:7)
  2 howler monkeys
  2 bullfrog zombies
  2 centaur zombies
  5 crimson imps
  A gnoll shaman (D:4)
  3 hounds
  3 jellies
  7 orc priests
  2 bullfrog skeletons
  4 iguanas
  11 orc wizards
  5 worker ants
  2 killer bee zombies
  A hound zombie (D:6)
  A hound skeleton (D:5)
  4 worker ant zombies
  6 gnolls
  A howler monkey skeleton (D:5)
  7 adders
  A shadow imp (D:10)
  2 ufetubi
  3 adder zombies
  An ooze (D:1)
  2 adder skeletons
  2 worms
  A dart slug (D:3)
  7 leopard geckos
  67 orcs
  2 ball pythons (D:1)
  4 giant cockroaches
  10 goblins
  5 hobgoblins
  15 jackals
  16 kobolds
  5 quokkas
  8 bats
  5 frilled lizards
  2 giant cockroach zombies (D:4)
  2 leopard gecko zombies (D:4)
  A quokka skeleton (D:5)
  2 quokka zombies (D:4)
  11 rats
  2 fungi (D:1)
303 creatures vanquished.

Vanquished Creatures (others)
  An adder (D:3)
  17 fungi (D:10)
  4 plants (D:10)
22 creatures vanquished.

Grand Total: 325 creatures vanquished

Notes
Turn   | Place    | Note
-------+----------+-------------------------------------------
     0 | D:1      | Peloso the Minotaur Fighter began the quest for the Orb.
     0 | D:1      | Reached XP level 1. HP: 19/19 MP: 0/0
    99 | D:1      | Reached XP level 2. HP: 27/27 MP: 1/1
   332 | D:1      | Reached XP level 3. HP: 31/33 MP: 2/2
   756 | D:2      | Reached skill level 3 in Long Blades
   799 | D:2      | Found a shattered altar of Ashenzari.
   913 | D:2      | Reached XP level 4. HP: 32/41 MP: 3/3
  1896 | D:3      | Reached skill level 1 in Dodging
  1977 | D:4      | Found Duoroz's Magic Scroll Emporium.
  1992 | D:4      | Bought a scroll of immolation for 42 gold pieces
  1992 | D:4      | Bought a scroll of magic mapping for 42 gold pieces
  1992 | D:4      | Bought a scroll of random uselessness for 12 gold pieces
  2050 | D:4      | Reached XP level 5. HP: 37/47 MP: 4/4
  2201 | D:4      | Found a staircase to the Ecumenical Temple.
  2262 | D:4      | Reached skill level 4 in Long Blades
  2315 | D:4      | Bought a scroll of remove curse for 36 gold pieces
  2391 | D:4      | Reached skill level 5 in Armour
  2400 | D:4      | Reached skill level 5 in Shields
  2744 | D:4      | Reached XP level 6. HP: 53/53 MP: 5/5
  3049 | D:4      | Reached skill level 5 in Long Blades
  3261 | D:5      | Entered Level 5 of the Dungeon
  3327 | D:5      | Noticed Menkaure
  3336 | D:5      | Killed Menkaure
  3336 | D:5      | Reached skill level 5 in Fighting
  3336 | D:5      | Reached skill level 6 in Long Blades
  3336 | D:5      | Reached XP level 7. HP: 53/61 MP: 6/6
  3377 | Temple   | Entered the Ecumenical Temple
  3835 | D:5      | Found a transporter.
  3835 | D:5      | Noticed MisterOstroum's ghost (novice SpSk)
  3854 | D:5      | Found a transporter.
  3918 | D:5      | Reached skill level 7 in Long Blades
  4167 | D:5      | Noticed Grinder
  4176 | D:5      | Paralysed by Grinder for 3 turns
  4180 | D:5      | Killed Grinder
  4180 | D:5      | Reached skill level 8 in Long Blades
  4180 | D:5      | Reached XP level 8. HP: 62/69 MP: 7/7
  4849 | D:6      | Found an iron altar of Okawaru.
  4857 | D:6      | Became a worshipper of Warmaster Okawaru
  4874 | D:6      | Reached skill level 9 in Long Blades
  4973 | D:6      | Found Vaodoj's General Store.
  5370 | D:6      | Reached XP level 9. HP: 19/78 MP: 8/8
  6013 | D:7      | Reached skill level 10 in Long Blades
  6029 | D:7      | Noticed Prince Ribbit
  6200 | D:7      | Reached * piety under Okawaru
  6471 | D:7      | Killed Prince Ribbit
  7156 | D:8      | Reached ** piety under Okawaru
  7339 | D:5      | Killed MisterOstroum's ghost
  7339 | D:5      | Reached skill level 11 in Long Blades
  7585 | D:9      | Reached XP level 10. HP: 84/86 MP: 9/9
  7589 | D:9      | Found a transporter.
  7590 | D:9      | Noticed FluffierThanThou's ghost (novice MiFi)
  7593 | D:9      | Noticed a two-headed ogre
  7593 | D:9      | Identified the +4 great mace of Iciton {pain, MR+ Int+5}
  7593 | D:9      | Noticed a two-headed ogre
  8052 | D:9      | Found a staircase to the Orcish Mines.
  8052 | D:9      | Found Iduaku's Armour Boutique.
  8107 | D:9      | Found a transporter.
  8419 | D:10     | Entered Level 10 of the Dungeon
  8495 | D:9      | Reached *** piety under Okawaru
  8521 | D:10     | Found a roughly hewn altar of Beogh.
  9140 | D:10     | Found a staircase to the Lair.
  9158 | D:10     | Reached skill level 12 in Long Blades
  9444 | D:9      | Reached skill level 10 in Shields
  9454 | D:9      | Reached skill level 10 in Armour
  9817 | D:10     | Found Gasias's Antique Weapon Emporium.
  9844 | D:10     | Reached **** piety under Okawaru
  9844 | D:10     | Slain by a meliai simulacrum

Skill      XL: |  1  2  3  4  5  6  7  8  9 10 |
---------------+-------------------------------+-----
Armour         | 4 5 6 8 10 | 10.2
Fighting       | 4 5 6 7 8 |  8.9
Shields        | 4 5 6 7 8 10 | 10.0
Long Blades    | 3 4 6 8 9 11 12 | 12.3
Dodging        | 1 2 |  2.1
Stealth        | |  0.6
Invocations    | |  0.2

Action                   |  1- 3 |  4- 6 |  7- 9 | 10-12 || total
-------------------------+-------+-------+-------+-------++-------
Melee: Long sword        |   126 |   224 |   244 |       ||   594
       Headbutt          |    23 |    42 |   105 |    87 ||   257
       Falchion          |       |       |   231 |   363 ||   594
Invok: Heroism           |       |       |     1 |     6 ||     7
  Use: Scroll            |     3 |     6 |     8 |       ||    17
       Potion            |       |       |     1 |       ||     1
  Eat: Chunk             |       |     8 |     8 |    10 ||    26
       Ration            |       |       |     2 |       ||     2
Armor: Scale mail        |    71 |    24 |       |       ||    95
       Chain mail        |       |    57 |       |       ||    57
       Plate armour      |       |    24 |   222 |   183 ||   429
Dodge: Dodged            |    39 |    58 |    74 |    90 ||   261
       Deflected         |       |       |       |     2 ||     2
Block: Shield            |    61 |   108 |   213 |   223 ||   605
       Rpst.: Long sword |     9 |    17 |    14 |       ||    40
       Falchion          |       |       |     9 |    22 ||    31
